 Dungeon Crawl Stone Soup version bcrawl-1.21.3 (webtiles) character file.

Game seed: 776031009248940508

96 funkygono the Conjurer (level 4, -5/24 HPs)
             Began as a Skeleton Conjurer on Apr 5, 2020.
             Killed from afar by a dart slug (6 damage)
             ... with a slug dart
             ... on level 2 of the Dungeon.
             The game lasted 00:06:07 (3191 turns).

funkygono the Conjurer (Skeleton Conjurer)          Turns: 3191, Time: 00:06:07

Health: -5/24      AC:  5    Str: 19      XL:     4   Next: 41%
Magic:  0/10       EV: 12    Int: 13 (14) God:
Gold:   67         SH:  0    Dex:  9      Spells: 5/11 levels left

rFire    . . .     SeeInvis .   c - +0 whip
rCold    + . .     Gourm    .   (no shield)
rNeg     + + +     Faith    .   a - +0 robe
rPois    ∞         Spirit   +   k - +1 helmet
rElec    +         Reflect  .   (no cloak)
rCorr    .         Harm     .   (no gloves)
MR       .....                  g - +0 pair of boots
Stlth    ++........             (no amulet)
HPRegen  0.08/turn              b - ring of insulation
MPRegen  0.12/turn              j - +4 ring of strength

@: very slightly contaminated
A: no food or potions, cold resistance 1, deterioration 1, negative energy
resistance 3, torment resistance, unbreathing, magic shield, sturdy frame 1,
spell healing
a: no special abilities


You were on level 2 of the Dungeon.
You were not hungry.

You visited 1 branch of the dungeon, and saw 3 of its levels.

You collected 67 gold pieces.

Inventory:

Hand Weapons
 c - a +0 whip (weapon)
Missiles
 d - 320 stones (quivered)
Armour
 a - a +0 robe (worn)
 e - a +0 large shield
 g - a +0 pair of boots (worn)
 k - a +1 helmet (worn)
Jewellery
 b - a ring of insulation (left hand)
 j - a +4 ring of strength (right hand)
Scrolls
 i - a scroll of immolation
 l - a scroll of magic mapping


   Skills:
 + Level 0.7 Fighting
 + Level 1.5 Maces & Flails
 + Level 2.4 Dodging
 + Level 2.6 Stealth
 + Level 4.2 Spellcasting
 + Level 5.7 Conjurations


You had 5 spell levels left.
You knew the following spells:

 Your Spells              Type           Power        Failure   Level  Hunger
a - Magic Dart            Conj           ###.         1%          1    N/A
b - Searing Ray           Conj           ###.....     3%          2    N/A
c - Iskenderun's Mystic   Conj           ###.....     6%          3    N/A

Your spell library contained the following spells:

 Spells                   Type           Power        Failure   Level  Hunger
 Fulminant Prism          Conj/Hex       ##........   52%         4    N/A
 Irradiate                Conj/Tmut      ##........   86%         5    N/A

Dungeon Overview and Level Annotations

Branches:
Dungeon (3/12)

Altars:
Dithmenos
Elyvilon


Innate Abilities, Weirdness & Mutations

You do not eat or drink.
You are immune to poison.
Your flesh is cold resistant. (rC+)
Your body sometimes deteriorates upon taking damage.
You are immune to negative energy. (rN+++)
You are immune to unholy pain and torment.
You can survive without breathing.
When hurt, damage is shared between your health and your magic reserves.
Your movements are slightly less encumbered by armour. (ER -2)
Casting spells heals you.


Message History

Things that are here:
a +0 dagger; a goblin corpse The dart slug launches a dart at you.
The slug dart hits you.
* * * LOW HITPOINT WARNING * * *
You hit the kobold.
You kill the kobold!
The dart slug launches a dart at you. The slug dart hits you.
* * * LOW HITPOINT WARNING * * *
Items here: )) †† a +0 dagger x2; a kobold corpse; a goblin corpse You hit the dart slug but do no damage.
The dart slug is almost dead.
The dart slug bites you.
You hit the dart slug but do no damage.
The dart slug is almost dead.
The dart slug launches a dart at you. The slug dart hits you.
You die...

###### #......# #####....##
#....# #...#######..........
###....# ####...............##.##
.......# #..#...########.##.##...
####.#####..#........).......#.##
............##..#######...#..#.#
##...######.##..# #...#..#.#
.....#....#.##.w#######...#..#.#
.....#......###>@.........#..#.#
.....####.#################..#.##
.)..................# #...#......
##.######.#########.# #.#.#..#.##
.#.#<# #.# #.# #.#.#..#.#.
##.#.####.# #.# #.#.#.##.#.
.#.#......# #.###.#......#.
.#.########## #.#.......####.
.#..........# #.#.#........#.


You could see a dart slug.

Vanquished Creatures
  Terence (D:2)
  3 leopard geckos (D:2)
  2 giant cockroaches (D:1)
  6 goblins
  7 hobgoblins
  10 jackals
  9 kobolds
  2 quokkas (D:2)
  4 ball pythons
  9 bats
  A frilled lizard (D:1)
  4 rats
58 creatures vanquished.

Notes
Turn   | Place    | Note
-------+----------+-------------------------------------------
     0 | D:1      | funkygono the Skeleton Conjurer began the quest for the
                  | Orb.
     0 | D:1      | Reached XP level 1. HP: 10/10 MP: 4/4
   174 | D:1      | Reached skill level 5 in Conjurations
   390 | D:1      | Reached XP level 2. HP: 15/15 MP: 3/6
   434 | D:1      | Learned a level 2 spell: Searing Ray
  1550 | D:2      | Reached XP level 3. HP: 19/19 MP: 6/8
  1555 | D:2      | Learned a level 3 spell: Iskenderun's Mystic Blast
  1692 | D:2      | Found a white marble altar of Elyvilon.
  1887 | D:2      | Noticed Terence
  1892 | D:2      | Killed Terence
  1892 | D:2      | Reached skill level 1 in Maces & Flails
  2000 | D:2      | Reached XP level 4. HP: 17/24 MP: 8/10
  2911 | D:2      | Found a shadowy altar of Dithmenos.
  3189 | D:2      | HP: 1/24 [dart slug/slug dart (4)]
  3191 | D:2      | Killed from afar by a dart slug

Skill      XL: |  1  2  3 |
---------------+----------+-----
Conjurations   | 5 |  5.7
Maces & Flails | 1 |  1.5
Spellcasting   | 4 |  4.2
Fighting       | |  0.7
Dodging        | |  2.4
Stealth        | |  2.6

Action                   |  1- 3 |  4- 6 || total
-------------------------+-------+-------++-------
Melee: Whip              |    63 |    53 ||   116
 Cast: Magic Dart        |    46 |    34 ||    80
       Searing Ray       |     2 |       ||     2
       Iskenderun's Myst |       |     3 ||     3
  Use: Scroll            |     2 |     2 ||     4
 Stab: Sleeping          |     1 |       ||     1
Armor: Robe              |    13 |    24 ||    37
Dodge: Dodged            |    48 |    59 ||   107
